[Event "Titled Tuesday Blitz November 14 Early 2023"]
[White "Akylbekov, Nasyr"]
[Black "Samsonkin, Artiom"]
[WhiteFideId "13800353"]
[BlackFideId "13503111"]
[WhiteElo "2474"]
[BlackElo "2827"]
[Result "0-1"]
[Round "1"]
[TimeControl "180+1"]
[Date "2023.11.14"]
[WhiteClock "0:00:44"]
[BlackClock "0:00:05"]
[Board "71"]

1. e4 c5 2. Nf3 d6 3. Nc3 Nf6 4. d4 cxd4 5. Nxd4 a6 6. Bc4 e6 7. Be3 Bd7 8. Bb3 Nc6 9. Qd2 Rc8 10. O-O Be7 11. f3 O-O 12. Nce2 Ne5 13. Ng3 Nc4 14. Bxc4 Rxc4 15. c3 b5 16. a3 Qb8 17. Nde2 Rfc8 18. Rfd1 d5 19. exd5 Nxd5 20. Bd4 f6 21. Kh1 Be8 22. Bg1 Bf7 23. Bd4 Bf8 24. Bg1 Rh4 25. Qe1 Rh6 26. Nf1 Bd6 27. h3 Rg6 28. Bh2 Bxh2 29. Nxh2 Ne3 30. Ng4 Nxd1 31. Rxd1 e5 32. Ng3 Rd8 33. Nf5 Be6 34. Ne7+ Kf7 35. Nxg6 hxg6 36. Ne3 Rxd1 37. Qxd1 Qb6 38. Qd2 Qc5 39. b4 Qc6 40. Kh2 g5 41. Kg3 e4 42. fxe4 Qxe4 43. Qd4 Qb1 44. Kh2 Qc1 45. Qa7+ Kg6 46. Qd4 Qxa3 47. Qd6 Qa2 48. Qd4 f5 49. Qe5 f4 50. Qe4+ Kh6 51. Ng4+ Bxg4 52. hxg4 Qc4 53. Qa8 Kh7 54. Qe8 Qxc3 55. Qh5+ Kg8 56. Qxg5 Qxb4 57. Qd8+ Kf7 58. Qc7+ Kf6 59. Qxf4+ Qxf4+ 0-1


[Site "https://www.chess.com"]

[Event "Titled Tuesday Blitz November 14 Early 2023"]
[White "Kezin, Roman"]
[Black "Ramla2020"]
[WhiteFideId "24124621"]
[WhiteElo "2825"]
[BlackElo "2473"]
[Result "1-0"]
[Round "1"]
[TimeControl "180+1"]
[Date "2023.11.14"]
[WhiteClock "0:00:10"]
[BlackClock "0:00:53"]
[Board "72"]

1. d4 Nf6 2. c4 e6 3. Nc3 Bb4 4. e3 O-O 5. Bd3 d5 6. a3 Bxc3+ 7. bxc3 dxc4 8. Bxc4 c5 9. Nf3 b6 10. O-O Ba6 11. Bxa6 Nxa6 12. Qe2 Qc8 13. e4 Nc7 14. Bg5 Nd7 15. Rad1 Qa6 16. Qb2 Rfe8 17. d5 exd5 18. exd5 Nb5 19. c4 Nd6 20. Bf4 Nxc4 21. Qc3 b5 22. Rd3 Re4 23. Bg3 Rae8 24. h4 h6 25. Kh2 Qf6 26. Qc2 Re2 27. Qd1 Nb2 28. Qb3 Nxd3 29. Qxd3 c4 30. Qb1 a6 31. Qb4 Rb2 32. Qa5 Nc5 33. Qc7 Ne4 34. Be5 Qe7 35. Qxe7 Rxe7 36. Bxb2 c3 37. Bc1 Rd7 38. Be3 Rxd5 39. Rc1 a5 40. Nd4 b4 41. axb4 axb4 42. Rb1 Rxd4 43. Bxd4 c2 44. Ra1 Nd2 45. Ra8+ Kh7 46. Rc8 b3 47. Bb2 Ne4 48. Kg1 f5 49. f3 Nd2 50. Rc3 g5 51. Kf2 gxh4 52. Ke2 Nb1 53. Rxb3 Kg6 54. Kd3 Kg5 55. Kxc2 Kf4 56. Kxb1 Kg3 57. Bf6 Kxg2 58. Bxh4 Kh3 59. Bf6 h5 60. f4+ Kg2 61. Bh4 Kh2 62. Kc2 Kg2 63. Rc3 Kh2 64. Rd3 Kg2 65. Kc3 Kh2 66. Kd4 Kg2 67. Kc4 1-0


[Site "https://www.chess.com"]

[Event "Titled Tuesday Blitz November 14 Early 2023"]
[White "Manukyan, Sargis V."]
[Black "Fernandez, Daniel"]
[WhiteFideId "13303465"]
[BlackFideId "2015390"]
[WhiteElo "2471"]
[BlackElo "2823"]
[Result "1/2-1/2"]
[Round "1"]
[TimeControl "180+1"]
[Date "2023.11.14"]
[WhiteClock "0:00:08"]
[BlackClock "0:00:27"]
[Board "73"]

1. d4 Nf6 2. Nf3 d5 3. c4 e6 4. g3 Be7 5. Bg2 O-O 6. O-O dxc4 7. Qc2 Bd7 8. Qxc4 Bc6 9. Nc3 Nbd7 10. Bg5 h6 11. Bxf6 Bxf6 12. e4 Nb6 13. Qd3 Be7 14. Rfd1 a5 15. Rac1 a4 16. a3 Re8 17. Ne5 Bd7 18. d5 exd5 19. Nxd5 Nxd5 20. Qxd5 Be6 21. Qxb7 Qb8 22. Rxc7 Bf6 23. Nc6 Qxb7 24. Rxb7 Bb3 25. Rd2 Rac8 26. e5 Bxe5 27. Nxe5 Rxe5 28. h4 Rec5 29. Be4 Re8 30. Re7 Rec8 31. Rdd7 Rb5 32. Kg2 Be6 33. Rb7 Rb3 34. Rxb3 axb3 35. a4 Kf8 36. Rb7 Rc1 37. a5 Ra1 38. Rb5 Ra2 39. Bb7 Rxb2 40. a6 Ra2 41. Kf3 b2 42. Ke3 Bf5 43. Be4 Be6 44. a7 Rxa7 45. Rxb2 Ra3+ 46. Ke2 Ke7 47. Rd2 g5 48. hxg5 hxg5 49. Bd3 Kf6 50. f4 Ra1 51. fxg5+ Kxg5 52. Kf2 Rh1 53. Be2 Rh2+ 54. Ke3 Rh8 55. Bf3 Re8 56. Rd4 Bf5+ 57. Kf2 Rb8 58. Rf4 Rb2+ 59. Ke3 Rb3+ 60. Kf2 Bg6 61. Rd4 Rb2+ 62. Ke3 Rb3+ 63. Kf2 Rb2+ 64. Ke3 Rb3+ 65. Kf2 1/2-1/2


[Site "https://www.chess.com"]

[Event "Titled Tuesday Blitz November 14 Early 2023"]
[White "Alexandre, Anne Shopie Elizabeth"]
[Black "Yurasova, Daria"]
[WhiteFideId "11902418"]
[BlackFideId "34146919"]
[WhiteElo "2823"]
[BlackElo "2471"]
[Result "1-0"]
[Round "1"]
[TimeControl "180+1"]
[Date "2023.11.14"]
[WhiteClock "0:00:51"]
[BlackClock "0:00:17"]
[Board "74"]

1. c4 c6 2. d4 d5 3. e3 Nf6 4. Nc3 e6 5. Nf3 Be7 6. Bd3 dxc4 7. Bxc4 b5 8. Bd3 b4 9. Ne4 Nbd7 10. O-O Bb7 11. b3 c5 12. Nxc5 Nxc5 13. dxc5 O-O 14. Bb2 Bxc5 15. Qc2 Bxf3 16. gxf3 Rc8 17. Rad1 Qe7 18. Qe2 Nd5 19. Bb1 Qh4 20. f4 Be7 21. Qf3 Bf6 22. Bd4 a5 23. Be4 Nc3 24. Bxc3 Rxc3 25. Rd7 g6 26. Rfd1 Rfc8 27. Kg2 Bg7 28. Rb7 R3c7 29. Rb5 Qf6 30. Rxa5 Qb2 31. Bd3 h5 32. Bc4 Qc2 33. Rd6 Bf8 34. Rd4 Rc5 35. Rxc5 Bxc5 36. Rd7 Qxa2 37. Rxf7 Bxe3 38. Rf6 Rxc4 39. bxc4 Bxf2 40. Qxf2 Qxf2+ 41. Kxf2 b3 42. Rxe6 b2 1-0


[Site "https://www.chess.com"]

[Event "Titled Tuesday Blitz November 14 Early 2023"]
[White "MFatigue"]
[Black "Xu, Yi"]
[BlackFideId "8605564"]
[WhiteElo "2470"]
[BlackElo "2821"]
[Result "1-0"]
[Round "1"]
[TimeControl "180+1"]
[Date "2023.11.14"]
[WhiteClock "0:00:24"]
[BlackClock "0:00:02"]
[Board "75"]

1. e4 c5 2. a3 e6 3. b4 cxb4 4. axb4 Bxb4 5. Bb2 Nf6 6. e5 Nd5 7. c4 Nf4 8. Qg4 Ng6 9. h4 h5 10. Qg3 Nc6 11. Bd3 Nce7 12. Nf3 d5 13. exd6 Bxd6 14. Qg5 Bf4 15. Qb5+ Bd7 16. Qb3 Bc6 17. Bxg7 Rg8 18. Bf6 Qc7 19. Nc3 Ne5 20. Be2 Rxg2 21. Nd4 Rd8 22. Ncb5 Qb6 23. Rxa7 Rxd4 24. Nd6+ Rxd6 25. Qxb6 Bxd2+ 26. Kf1 Kd7 27. Bxe5 Rg8 28. Rxb7+ Kc8 29. Qc7# 1-0


[Site "https://www.chess.com"]

[Event "Titled Tuesday Blitz November 14 Early 2023"]
[White "CrazyAdvenTures"]
[Black "Berezin, Viktor"]
[BlackFideId "14107872"]
[WhiteElo "2821"]
[BlackElo "2470"]
[Result "1-0"]
[Round "1"]
[TimeControl "180+1"]
[Date "2023.11.14"]
[WhiteClock "0:00:13"]
[BlackClock "0:00:17"]
[Board "76"]

1. e4 g6 2. d4 Bg7 3. Nc3 d6 4. Be3 c6 5. f4 Nf6 6. h3 b5 7. Bd3 O-O 8. Nf3 Nbd7 9. e5 Ne8 10. O-O b4 11. Ne4 Nb6 12. Qe1 Nd5 13. Bd2 Nec7 14. c4 bxc3 15. bxc3 Ba6 16. Bxa6 Nxa6 17. c4 Nb6 18. Rc1 d5 19. cxd5 cxd5 20. Nc5 Nxc5 21. dxc5 Nc4 22. Bc3 e6 23. Nd2 Rc8 24. Bd4 Na3 25. Rf3 Nb5 26. Bf2 d4 27. Ne4 Qd5 28. a4 Nc3 29. Nxc3 dxc3 30. Rfxc3 Rfd8 31. c6 Rc7 32. Qe2 Bh6 33. Qe3 Bf8 34. Kh2 h5 35. Bh4 Rb8 36. Rd3 Qa2 37. Qf3 Rb2 38. Rd8 Kg7 39. Bf6+ Kg8 40. Rcd1 Re2 41. Rxf8+ 1-0


[Site "https://www.chess.com"]

[Event "Titled Tuesday Blitz November 14 Early 2023"]
[White "Aash20"]
[Black "Pendos666"]
[WhiteElo "2469"]
[BlackElo "2820"]
[Result "0-1"]
[Round "1"]
[TimeControl "180+1"]
[Date "2023.11.14"]
[WhiteClock "0:00:39"]
[BlackClock "0:00:43"]
[Board "77"]

1. e4 c5 2. Nf3 g6 3. d4 cxd4 4. Nxd4 Nc6 5. c4 d6 6. Nc3 Nf6 7. Be3 Ng4 8. Nxc6 Nxe3 9. Nxd8 Nxd1 10. Rxd1 Kxd8 11. e5 Bg7 12. exd6 exd6 13. Rxd6+ Kc7 14. Nb5+ Kb8 15. Rd2 Bh6 16. Rd1 Bg7 17. b3 Bg4 18. f3 Be6 19. Be2 a6 20. Nd4 Bd7 21. O-O Kc7 22. f4 Rad8 23. Nf3 Rhe8 24. Kf2 Bg4 25. Rxd8 Rxd8 26. Rd1 Rxd1 27. Bxd1 Bf5 28. Ke3 Bb1 29. a4 h6 30. g4 Kd6 31. b4 a5 32. c5+ Kc6 33. bxa5 Kxc5 34. Ne5 f6 35. Nf3 Kb4 36. Nd4 Bf8 37. Bf3 Bc5 38. Bxb7 Kc3 39. Be4 Bxd4+ 40. Kf3 Bd3 41. h4 f5 42. Bc6 fxg4+ 43. Kxg4 Bf5+ 44. Kg3 h5 45. Bb7 Kb4 46. a6 Kxa4 47. Kf3 Kb4 48. Kg3 Kc3 49. Kf3 Kd2 50. Bd5 Bg4+ 51. Kg3 Ke3 52. Bf7 Bf5 53. Be8 Ba7 54. Bc6 Bb8 55. Kg2 Kxf4 56. Bf3 Be4 57. Bxe4 Kxe4 58. Kh3 Kf5 59. Kg2 Kg4 60. Kf2 Kxh4 61. Ke3 Kg4 62. Kd4 0-1


[Site "https://www.chess.com"]

[Event "Titled Tuesday Blitz November 14 Early 2023"]
[White "Cherniaiev, Tykhon"]
[Black "Domingo Nunez, Alejandro"]
[WhiteFideId "14182360"]
[BlackFideId "22245561"]
[WhiteElo "2819"]
[BlackElo "2468"]
[Result "1-0"]
[Round "1"]
[TimeControl "180+1"]
[Date "2023.11.14"]
[WhiteClock "0:00:15"]
[BlackClock "0:00:00"]
[Board "78"]

1. Nf3 Nf6 2. d4 g6 3. g3 Bg7 4. Bg2 O-O 5. O-O d6 6. c4 Nbd7 7. Nc3 c5 8. b3 Rb8 9. Bb2 a6 10. Rc1 b5 11. cxb5 axb5 12. dxc5 Nxc5 13. Nd4 Bd7 14. Nc6 Bxc6 15. Bxc6 b4 16. Na4 Nfe4 17. Bxg7 Kxg7 18. Qd4+ e5 19. Qb2 Nxa4 20. bxa4 Nc5 21. Bb5 Qa5 22. Rfd1 Ne4 23. Rxd6 Nxd6 24. Qxe5+ Kg8 25. Qxd6 Rfd8 26. Qf4 Rxb5 27. axb5 Qxb5 28. e3 Qd5 29. Rc4 Ra8 30. Rxb4 Rxa2 31. Qd4 Qxd4 32. Rxd4 Kg7 33. Kg2 h5 34. Rd6 Rb2 35. Ra6 Rc2 36. h3 Rb2 37. e4 Rb4 38. Kf3 Rb3+ 39. Kf4 Rb2 40. f3 Rb5 41. h4 Rc5 42. Ra7 Rb5 43. e5 Rb4+ 44. Kg5 Rb5 45. Re7 Kf8 46. Kf6 Rb6+ 47. e6 fxe6 48. Rxe6 Rb3 49. Kxg6 Rxf3 50. Rf6+ Rxf6+ 51. Kxf6 1-0


[Site "https://www.chess.com"]

[Event "Titled Tuesday Blitz November 14 Early 2023"]
[White "Shishkov, Andrei"]
[Black "Lobanov, Sergei"]
[WhiteFideId "4500563"]
[BlackFideId "24183750"]
[WhiteElo "2467"]
[BlackElo "2818"]
[Result "1-0"]
[Round "1"]
[TimeControl "180+1"]
[Date "2023.11.14"]
[WhiteClock "0:00:06"]
[BlackClock "0:00:02"]
[Board "79"]

1. d4 Nf6 2. c4 e6 3. Nc3 d5 4. cxd5 exd5 5. Bg5 Be7 6. e3 c6 7. Bd3 O-O 8. Nge2 Re8 9. Qc2 h6 10. Bh4 Nh5 11. Bxe7 Qxe7 12. O-O-O a5 13. Rhg1 Nf6 14. h3 Na6 15. Qd2 Nb4 16. Bb1 b5 17. g4 Ne4 18. Nxe4 dxe4 19. Ng3 Be6 20. Nf5 Qd7 21. a3 Na2+ 22. Bxa2 Bxa2 23. Qc3 Bd5 24. Qc5 b4 25. a4 Bb3 26. Rd2 Bxa4 27. g5 hxg5 28. Rxg5 g6 29. d5 Rac8 30. Qd4 cxd5+ 31. Kb1 Qxf5 32. Rxf5 gxf5 33. Qxd5 Rc6 34. f4 exf3 35. Qxf3 Rec8 36. Rg2+ Kf8 37. Rg1 Bc2+ 38. Ka2 Be4 39. Qh5 Bd5+ 40. Kb1 Be4+ 41. Ka2 Bd5+ 42. Kb1 Be6 43. Qh6+ Ke7 44. Qg5+ Ke8 45. Qg8+ Ke7 46. Qg5+ Ke8 47. Qg8+ Kd7 48. Rd1+ Kc7 49. Qg7 Kb7 50. Qd4 R8c7 51. Qe5 Ka6 52. Rd6 Kb6 53. Rxc6+ Rxc6 54. h4 a4 55. h5 a3 56. bxa3 bxa3 57. Qd4+ Ka5 58. Qd2+ Ka4 59. h6 a2+ 60. Ka1 Rb6 61. Qc2+ Bb3 62. Qd2 Bc4 63. Qc2+ Bb3 64. Qd3 Rxh6 65. Qd4+ Ka3 66. Qa7+ Kb4 67. Qb8+ Kc3 68. Qe5+ Kb4 69. Qd4+ Ka3 70. Qa7+ Kb4 71. Qd4+ Kb5 72. Qe5+ Ka4 73. Qd4+ Kb5 74. Qe5+ Kc4 75. Qf4+ Kc3 76. Qxh6 Kc2 77. Qf4 Kd3 78. Qxf5+ 1-0


[Site "https://www.chess.com"]

[Event "Titled Tuesday Blitz November 14 Early 2023"]
[White "Vakhlamov, Igor L."]
[Black "Rengifo Blancas, Renzo Jhonathan"]
[WhiteFideId "24126748"]
[BlackFideId "3807185"]
[WhiteElo "2817"]
[BlackElo "2466"]
[Result "1-0"]
[Round "1"]
[TimeControl "180+1"]
[Date "2023.11.14"]
[WhiteClock "0:00:21"]
[BlackClock "0:01:12"]
[Board "80"]

1. e4 e5 2. Nf3 Nc6 3. Nc3 Nf6 4. Bb5 Bb4 5. Nd5 Be7 6. Nxe7 Qxe7 7. O-O O-O 8. Re1 d6 9. h3 Bd7 10. c3 a6 11. Bf1 b5 12. a4 Rfe8 13. axb5 axb5 14. Rxa8 Rxa8 15. Bxb5 h6 16. Bf1 Ra1 17. Qc2 Qe6 18. d4 Qa2 19. dxe5 dxe5 20. Be3 Be6 21. Rxa1 Qxa1 22. Nd2 Na5 23. Kh2 Qa2 24. Bd3 Nd7 25. b4 Qxc2 26. Bxc2 Nc4 27. Nxc4 Bxc4 28. g3 f6 29. f4 Kh8 30. Kg2 Kg8 31. Kf2 Kf7 32. Ba4 Nb6 33. Bc6 Ke6 34. Bc5 Nd7 35. Be3 Kd6 36. Ba4 Nb6 37. Bc5+ Ke6 38. Bc6 Nd7 39. f5+ Kf7 40. Bxd7 g6 41. g4 h5 42. Ke3 Bf1 43. b5 h4 44. fxg6+ Kxg6 45. Bf5+ Kg5 46. Kf2 Bxh3 47. Be3# 1-0


[Site "https://www.chess.com"]

[Event "Titled Tuesday Blitz November 14 Early 2023"]
[White "arenal72"]
[Black "Maksimovic, Bojan"]
[BlackFideId "14408120"]
[WhiteElo "2465"]
[BlackElo "2817"]
[Result "0-1"]
[Round "1"]
[TimeControl "180+1"]
[Date "2023.11.14"]
[WhiteClock "0:00:04"]
[BlackClock "0:00:10"]
[Board "81"]

1. Nf3 g6 2. g3 Bg7 3. Bg2 d6 4. O-O Bd7 5. c4 Qc8 6. d4 Bh3 7. e4 Nc6 8. Nc3 h5 9. Bg5 f6 10. Be3 g5 11. d5 Ne5 12. Nxe5 dxe5 13. Bxh3 Qxh3 14. Qf3 h4 15. Qg2 Qd7 16. g4 h3 17. Qg3 a6 18. f3 Kf7 19. c5 e6 20. Rfd1 Ne7 21. d6 Nc6 22. dxc7 Qxc7 23. Rd2 Rad8 24. Rad1 Rxd2 25. Rxd2 Rd8 26. Qe1 Bf8 27. Rxd8 Qxd8 28. Kf2 Qa5 29. Kg3 Bxc5 30. Kxh3 Bd4 31. Qd2 Bxc3 32. bxc3 Qd8 33. Qxd8 Nxd8 34. Kg3 Kg6 35. h4 gxh4+ 36. Kxh4 f5 37. Bb6 Nf7 38. exf5+ exf5 39. Bc7 e4 40. fxe4 fxe4 41. Kg3 Ng5 42. a4 Ne6 43. Bd6 Kg5 44. Be7+ Kg6 45. Kf2 Kf7 46. Bd6 Ng5 47. Ke3 Ke6 48. Bf4 Nf7 49. Kxe4 Nd8 50. c4 Nc6 51. g5 Ne7 52. Be5 Ng6 53. Bf6 Nh4 54. a5 Kd6 55. Kf4 Ke6 56. Kg4 Ng6 57. Bd4 Ne7 58. Bc3 Ng6 59. Kh5 Kf7 60. Kh6 Ne7 61. Be5 Ng6 62. Bd6 Nh4 63. Be5 Ng6 64. Bd4 Nh4 65. Kh5 Ng6 66. Kg4 Ke6 67. Kf3 Kf5 68. Bf6 Ke6 69. Ke4 Nh4 70. Kd4 Kd6 71. c5+ Ke6 72. Kc4 Nf5 73. c6 bxc6 74. Kc5 Kd7 75. Kb6 Nd6 76. Kxa6 Nc4 77. Kb7 Nxa5+ 78. Kb6 Nc4+ 79. Kc5 Nd6 80. g6 Ne4+ 81. Kd4 Nxf6 82. Ke5 Ke7 83. g7 Ng8 84. Kd4 Kd6 85. Kc4 c5 86. Kb5 Kd5 87. Ka4 c4 88. Ka3 Kd4 89. Kb2 Kd3 90. Kc1 Kc3 91. Kd1 Kb2 0-1


[Site "https://www.chess.com"]

[Event "Titled Tuesday Blitz November 14 Early 2023"]
[White "Kopylov, Alexander A."]
[Black "lagunanivaria"]
[WhiteFideId "4164857"]
[WhiteElo "2812"]
[BlackElo "2463"]
[Result "1/2-1/2"]
[Round "1"]
[TimeControl "180+1"]
[Date "2023.11.14"]
[WhiteClock "0:01:47"]
[BlackClock "0:01:54"]
[Board "82"]

1. d4 d5 2. Nf3 Nf6 3. g3 g6 4. Bg2 Bg7 5. O-O O-O 6. a4 a5 7. Nc3 c6 8. Bf4 Nbd7 9. Qc1 Re8 10. Bh6 e5 11. Bxg7 Kxg7 12. dxe5 Nxe5 13. Nxe5 Rxe5 14. Qf4 Qe7 15. Rfe1 Bf5 16. Rac1 Re8 17. Qd4 h5 18. Qb6 Ra8 19. e3 Qb4 20. Qd4 Rae8 21. Qxb4 axb4 22. Ne2 Be4 23. c3 Bxg2 24. Kxg2 Re4 25. Red1 bxc3 26. b3 Rb4 27. Rxc3 Ne4 28. Rcd3 Nc5 29. Rc3 Ne4 30. Rcd3 Nc5 31. Rc3 Ne4 1/2-1/2


[Site "https://www.chess.com"]

[Event "Titled Tuesday Blitz November 14 Early 2023"]
[White "Devaev, Alexander"]
[Black "Dragun, Kamil"]
[WhiteFideId "4169395"]
[BlackFideId "1134167"]
[WhiteElo "2460"]
[BlackElo "2810"]
[Result "0-1"]
[Round "1"]
[TimeControl "180+1"]
[Date "2023.11.14"]
[WhiteClock "0:02:05"]
[BlackClock "0:02:31"]
[Board "83"]

1. d4 Nf6 2. c4 e6 3. Nf3 d5 4. Nc3 c6 5. Bg5 h6 6. Bh4 dxc4 7. e4 g5 8. Bg3 b5 9. h4 g4 10. Nh2 b4 11. Nb1 Nxe4 12. Bxc4 Nxg3 13. fxg3 h5 14. O-O Bg7 15. Qe2 Qxd4+ 16. Kh1 Qxb2 0-1


[Site "https://www.chess.com"]

[Event "Titled Tuesday Blitz November 14 Early 2023"]
[White "Molina, Roberto Junio Brito"]
[Black "UNSTOPPABLE_LEGEND"]
[WhiteFideId "2109450"]
[WhiteElo "2810"]
[BlackElo "2460"]
[Result "1-0"]
[Round "1"]
[TimeControl "180+1"]
[Date "2023.11.14"]
[WhiteClock "0:00:10"]
[BlackClock "0:00:01"]
[Board "84"]

1. d4 Nf6 2. Nf3 d5 3. e3 c5 4. c3 e6 5. Nbd2 Nbd7 6. Bd3 b6 7. O-O Bb7 8. b3 Bd6 9. Bb2 O-O 10. c4 Rc8 11. Qe2 Ne4 12. Rfd1 Qc7 13. cxd5 exd5 14. Rac1 Qb8 15. Ba6 Ndf6 16. Bxb7 Qxb7 17. dxc5 bxc5 18. Nxe4 Nxe4 19. Nd2 Nxd2 20. Rxd2 Rfd8 21. Qf3 Bf8 22. Rcd1 c4 23. bxc4 Rxc4 24. Bd4 Qc7 25. g3 Rd7 26. Kg2 Qc6 27. h4 Bc5 28. Rb2 Rd8 29. Bxc5 Rxc5 30. Rd4 g6 31. Rbd2 Kg7 32. h5 Qe6 33. Qf4 Qf5 34. Qxf5 gxf5 35. Kf3 Kf6 36. g4 fxg4+ 37. Rxg4 Rd6 38. Rdd4 Ke6 39. Rg7 h6 40. Rf4 f5 41. Rg6+ Ke5 42. Rxd6 Kxd6 43. Rxf5 Ke6 44. Rf8 Rc2 45. Rh8 Rxa2 46. Rxh6+ Kf5 47. Rd6 Ke5 48. h6 Ra1 49. h7 Rh1 50. Rd7 a5 51. Ra7 a4 52. Ke2 a3 53. f4+ Kf5 54. Rxa3 Rxh7 55. Ra8 Re7 56. Kd3 Re4 57. Rd8 Ke6 58. Re8+ 1-0


[Site "https://www.chess.com"]

[Event "Titled Tuesday Blitz November 14 Early 2023"]
[White "Kashtanov, Ruslan"]
[Black "Gharibyan, Mamikon"]
[WhiteFideId "4124871"]
[BlackFideId "13308300"]
[WhiteElo "2451"]
[BlackElo "2809"]
[Result "0-1"]
[Round "1"]
[TimeControl "180+1"]
[Date "2023.11.14"]
[WhiteClock "0:00:00"]
[BlackClock "0:00:06"]
[Board "85"]

1. d4 d5 2. c4 e6 3. Nf3 Nf6 4. g3 Be7 5. Bg2 O-O 6. Nc3 Nbd7 7. O-O c6 8. Qd3 a6 9. e4 b5 10. cxd5 cxd5 11. exd5 Nxd5 12. Nxd5 exd5 13. h4 Nf6 14. Bf4 Ne4 15. Rac1 Bf5 16. Qb3 Bd6 17. Qxd5 Bxf4 18. Qxf5 Bxc1 19. Qxe4 Re8 20. Qb1 Bh6 21. Rd1 Rc8 22. Ne5 g6 23. Qd3 Bg7 24. Qb3 Bxe5 25. dxe5 Qe7 26. f4 Red8 27. Re1 Kg7 28. e6 fxe6 29. Rxe6 Qf7 30. Qe3 Rd7 31. Qe5+ Kg8 32. Bf3 Rd2 33. Bg2 h5 34. Re7 Rc1+ 35. Bf1 Rcc2 36. Rxf7 Kxf7 37. Qe4 Rxb2 38. Qb7+ Kf6 39. Qxa6+ Kf5 40. Qb6 b4 41. Qc5+ Kg4 0-1


[Site "https://www.chess.com"]

[Event "Titled Tuesday Blitz November 14 Early 2023"]
[White "Vignesh N R"]
[Black "Friedland, Moshe"]
[WhiteFideId "25012215"]
[BlackFideId "2812843"]
[WhiteElo "2809"]
[BlackElo "2451"]
[Result "1-0"]
[Round "1"]
[TimeControl "180+1"]
[Date "2023.11.14"]
[WhiteClock "0:00:12"]
[BlackClock "0:00:00"]
[Board "86"]

1. d4 Nf6 2. c4 c5 3. d5 b5 4. cxb5 a6 5. bxa6 g6 6. Nc3 Bg7 7. e4 O-O 8. Nf3 Qa5 9. Bd3 Nxd5 10. exd5 Bxc3+ 11. bxc3 Qxc3+ 12. Qd2 Qxa1 13. O-O Qg7 14. d6 e6 15. Bb2 f6 16. Rc1 Nxa6 17. h4 Bb7 18. h5 Bxf3 19. h6 Qf7 20. gxf3 Nb4 21. Bb1 Rfc8 22. a3 Nd5 23. Be4 Ra4 24. Kh2 g5 25. Bxd5 Rh4+ 26. Kg2 exd5 27. Re1 d4 28. Qe2 Qh5 29. Qc4+ Kh8 30. Bxd4 Rh2+ 31. Kf1 Qxf3 32. Bxf6+ Qxf6 33. Qxc5 Rh1+ 34. Kg2 Rxe1 35. Qxc8+ 1-0


[Site "https://www.chess.com"]

[Event "Titled Tuesday Blitz November 14 Early 2023"]
[White "Mikhalsky, Vladimir"]
[Black "Materia, Marco"]
[WhiteFideId "14144352"]
[BlackFideId "45150451"]
[WhiteElo "2450"]
[BlackElo "2808"]
[Result "0-1"]
[Round "1"]
[TimeControl "180+1"]
[Date "2023.11.14"]
[WhiteClock "0:00:00"]
[BlackClock "0:00:26"]
[Board "87"]

1. d4 Nf6 2. c4 e6 3. g3 d5 4. Bg2 Be7 5. Nf3 O-O 6. O-O Nbd7 7. c5 Ne4 8. Qc2 c6 9. Nc3 f5 10. Bf4 g5 11. Be3 Bf6 12. Rad1 Qe7 13. b4 b6 14. Nxe4 fxe4 15. Ne5 bxc5 16. Nxc6 Qd6 17. b5 c4 18. Bd2 a5 19. Bxa5 Rf7 20. Bb4 Qc7 21. a4 Bb7 22. Bh3 Re8 23. Ba5 Qd6 24. Bb4 Qc7 25. Na5 Ba8 26. Nb3 Qa7 27. Nc5 Bxd4 28. Nxe6 Bxf2+ 29. Kh1 d4 30. Nxg5 e3+ 31. Bg2 Bxg2+ 32. Kxg2 Qb7+ 33. Nf3 Ne5 34. Rxf2 exf2 35. Rxd4 Nxf3 0-1


[Site "https://www.chess.com"]

[Event "Titled Tuesday Blitz November 14 Early 2023"]
[White "Rakhmanov, Aleksandr"]
[Black "Makaraci, Tunahan"]
[WhiteFideId "4173708"]
[BlackFideId "6356559"]
[WhiteElo "2805"]
[BlackElo "2450"]
[Result "1-0"]
[Round "1"]
[TimeControl "180+1"]
[Date "2023.11.14"]
[WhiteClock "0:00:26"]
[BlackClock "0:00:00"]
[Board "88"]

1. d4 d5 2. c4 e6 3. Nc3 c5 4. e3 Nf6 5. Nf3 a6 6. a3 dxc4 7. Bxc4 b5 8. Be2 Bb7 9. O-O Nbd7 10. a4 b4 11. Nb1 Qc7 12. a5 Be7 13. Nbd2 O-O 14. Nc4 Rfd8 15. h3 Rac8 16. b3 Ne4 17. Bb2 Bf6 18. Rc1 Qb8 19. Bd3 cxd4 20. exd4 Bd5 21. Re1 Nd6 22. Qe2 Nb5 23. Nfe5 Bxe5 24. dxe5 Nc5 25. Nb6 Nxd3 26. Rxc8 Rxc8 27. Qxd3 Rd8 28. Qg3 Qb7 29. Bc1 Nc3 30. Bg5 Re8 31. Bf6 g6 32. Qg5 1-0


[Site "https://www.chess.com"]

[Event "Titled Tuesday Blitz November 14 Early 2023"]
[White "Estrada Nieto, Julian"]
[Black "Fier, Alexandr"]
[WhiteFideId "5101018"]
[BlackFideId "2107139"]
[WhiteElo "2450"]
[BlackElo "2801"]
[Result "0-1"]
[Round "1"]
[TimeControl "180+1"]
[Date "2023.11.14"]
[WhiteClock "0:00:00"]
[BlackClock "0:00:47"]
[Board "89"]

1. e4 d6 2. d4 Nf6 3. Nc3 g6 4. Nf3 Bg7 5. Be2 O-O 6. O-O a6 7. a4 Nc6 8. d5 Nb4 9. a5 e6 10. Bg5 h6 11. Bh4 g5 12. Bg3 e5 13. h4 Nh5 14. hxg5 Nxg3 15. fxg3 hxg5 16. Nh2 f5 17. Ra4 c5 18. exf5 Bxf5 19. Rxf5 Rxf5 20. Ne4 Bf8 21. c3 Nc6 22. dxc6 bxc6 23. Bg4 Rf6 24. Nxf6+ Qxf6 25. Qf3 Qxf3 26. Bxf3 d5 27. Ng4 Bg7 28. Ra3 Rb8 29. b3 e4 30. Be2 Bxc3 31. Bxa6 Bd4+ 32. Kf1 c4 33. bxc4 Rb1+ 34. Ke2 Rb2+ 35. Kd1 Kf7 36. cxd5 cxd5 37. Be2 Ke6 38. a6 Ba7 39. Ne3 d4 40. Bg4+ Ke7 41. Nd5+ Kd6 42. Kc1 Rxg2 43. Rb3 Kxd5 44. Rb7 Bc5 45. Bd7 Ra2 46. Bb5 d3 47. Rd7+ Ke5 48. Bc6 Be3+ 49. Kb1 Rxa6 50. Rd5+ Kf6 51. Bb5 Rb6 0-1


[Site "https://www.chess.com"]

[Event "Titled Tuesday Blitz November 14 Early 2023"]
[White "Rosen, Eric"]
[Black "Buchenau, Frank"]
[WhiteFideId "2032562"]
[BlackFideId "4604350"]
[WhiteElo "2798"]
[BlackElo "2448"]
[Result "1-0"]
[Round "1"]
[TimeControl "180+1"]
[Date "2023.11.14"]
[WhiteClock "0:01:07"]
[BlackClock "0:00:09"]
[Board "90"]

1. e4 e6 2. f4 d5 3. e5 c5 4. Nf3 Nc6 5. c3 Nh6 6. Na3 Be7 7. Nc2 O-O 8. d4 f6 9. Bd3 Bd7 10. O-O c4 11. Be2 b5 12. Be3 Nf5 13. Bf2 fxe5 14. fxe5 Rb8 15. Ne3 Nxe3 16. Bxe3 b4 17. Qd2 Be8 18. Ng5 Rxf1+ 19. Rxf1 Bxg5 20. Bxg5 Qd7 21. Qf4 Bg6 22. Qg3 bxc3 23. bxc3 Rb2 24. Bg4 Be4 25. Bh3 Rxa2 26. Qf4 Bf5 27. g4 h6 28. gxf5 hxg5 29. Qxg5 exf5 30. Bxf5 Qe7 31. Qh5 Rb2 32. Bh7+ Kh8 33. Bg6+ Kg8 34. Qh7# 1-0


[Site "https://www.chess.com"]

[Event "Titled Tuesday Blitz November 14 Early 2023"]
[White "szachmistrz2500"]
[Black "Narayanan, Srinath"]
[BlackFideId "5018420"]
[WhiteElo "2447"]
[BlackElo "2797"]
[Result "0-1"]
[Round "1"]
[TimeControl "180+1"]
[Date "2023.11.14"]
[WhiteClock "0:02:18"]
[BlackClock "0:01:57"]
[Board "91"]

1. Nf3 d5 2. g3 g6 3. Bg2 Bg7 4. d3 e5 5. O-O Ne7 6. e4 Nbc6 7. c3 O-O 8. b4 a6 9. a4 h6 10. Ba3 b5 11. Nbd2 Be6 12. Nb3 dxe4 13. Nfd2 exd3 14. Nc5 Bd5 15. Re1 Bxg2 16. Kxg2 Qd5+ 17. Qf3 Qxf3+ 18. Kxf3 f5 19. Ne6 e4+ 20. Ke3 Nd5# 0-1


[Site "https://www.chess.com"]

[Event "Titled Tuesday Blitz November 14 Early 2023"]
[White "Rychkov, Oleg"]
[Black "Jesseinkman"]
[WhiteFideId "4122852"]
[WhiteElo "2795"]
[BlackElo "2442"]
[Result "1-0"]
[Round "1"]
[TimeControl "180+1"]
[Date "2023.11.14"]
[WhiteClock "0:00:48"]
[BlackClock "0:00:06"]
[Board "92"]

1. e4 e5 2. Bc4 Nf6 3. d3 Nc6 4. Nc3 Bc5 5. f4 O-O 6. Nf3 exf4 7. Bxf4 d6 8. Na4 Na5 9. Bb3 Nxb3 10. axb3 Re8 11. Nxc5 dxc5 12. O-O Nd7 13. Qe1 b6 14. Qg3 c6 15. Ne5 Nf8 16. Nxf7 Qd4+ 17. Be3 Qxb2 18. Nd6 Rd8 19. Rac1 Be6 20. e5 Ng6 21. c3 Qxb3 22. h4 Qd5 23. d4 cxd4 24. cxd4 c5 25. h5 cxd4 26. hxg6 dxe3 27. gxh7+ Kxh7 28. Rc7 Rd7 29. Rxd7 Bxd7 30. Nf7 e2 31. Qh4+ Kg8 32. Qh8# 1-0


[Site "https://www.chess.com"]